 Dungeon Crawl Stone Soup version 0.28-a0-519-gbfeecf2fc5 (webtiles) character file.

Game seed: 6350863532188593999

975 Rennog the Covered (level 8, -18/60 HPs)
             Began as a Gnoll Wanderer on Sept 23, 2021.
             Was a Priest of Fedhas.
             Killed from afar by an acid dragon (28 damage)
             ... with a splash of acid
             ... on level 6 of the Dungeon.
             The game lasted 00:06:55 (5502 turns).

Rennog the Covered (Gnoll Wanderer)                 Turns: 5502, Time: 00:06:55

Health: -18/60     AC:  4    Str: 12    XL:     8   Next: 16%
Magic:  12/12      EV: 17    Int: 10    God:    Fedhas [***...]
Gold:   255        SH:  0    Dex: 15    Spells: 13/13 levels left

rFire   . . .      SeeInvis .   j - +4 mace
rCold   . . .      Faith    .   (no shield)
rNeg    . . .      Spirit   .   b - +2 leather armour
rPois   .          Reflect  .   (no helmet)
rElec   .          Harm     .   A - +0 cloak
rCorr   .          Rampage  .   (no gloves)
Will    .....                   n - +0 pair of boots
Stlth   +++.......              (no amulet)
HPRegen 0.20/turn               f - +4 ring of evasion
MPRegen 0.13/turn               h - +4 ring of slaying

@: corroded
A: fangs 1, strong nose, distributed training
a: Renounce Religion, Wall of Briars, Grow Ballistomycete


You were on level 6 of the Dungeon.
You worshipped Fedhas.
Fedhas was most pleased with you.
You visited 2 branches of the dungeon, and saw 7 of its levels.

You collected 255 gold pieces.

Inventory:

Hand Weapons
 a - a +0 short sword
 d - a +0 dagger
 j - a +4 mace (weapon)
Armour
 b - a +2 leather armour (worn)
 n - a +0 pair of boots (worn)
 r - a +0 chain mail
 A - a +0 cloak (worn)
Jewellery
 f - a +4 ring of evasion (left hand)
 h - a +4 ring of slaying (right hand)
Wands
 u - a wand of flame (12)
 y - a wand of mindburst (17)
Scrolls
 e - 6 scrolls of identify {unknown}
 g - a scroll of magic mapping {unknown}
 i - 2 scrolls of fog {unknown}
 k - 2 scrolls of torment {unknown}
 q - a scroll of fear {unknown}
 s - a scroll of teleportation {unknown}
 t - 2 scrolls of immolation {unknown}
 x - a scroll of enchant armour {unknown}
Potions
 c - a potion of lignification
 l - 4 potions of haste {unknown}
 m - 3 potions of berserk rage {unknown}
 o - 2 potions of curing {unknown}
 p - 3 potions of degeneration {unknown}
 v - a potion of flight {unknown}
 w - a potion of heal wounds {unknown}
 z - a potion of ambrosia {unknown}


   Skills:
 + Level 4.0 Fighting
 + Level 5.5 Short Blades
 + Level 3.0 Long Blades
 + Level 3.0 Axes
 + Level 3.0 Maces & Flails
 + Level 3.0 Polearms
 + Level 3.0 Staves
 + Level 3.0 Slings
 + Level 4.0 Bows
 + Level 3.0 Crossbows
 + Level 3.0 Throwing
 + Level 5.5 Armour
 + Level 4.0 Dodging
 + Level 5.2 Stealth
 + Level 4.0 Shields
 + Level 3.0 Unarmed Combat
 + Level 3.0 Spellcasting
 + Level 2.4 Conjurations
 + Level 2.4 Hexes
 + Level 2.4 Summonings
 + Level 2.4 Necromancy
 + Level 2.4 Translocations
 + Level 2.4 Transmutations
 + Level 2.4 Fire Magic
 + Level 2.4 Ice Magic
 + Level 2.4 Air Magic
 + Level 2.4 Earth Magic
 + Level 2.4 Poison Magic
 + Level 3.3 Invocations
 + Level 3.0 Evocations


You had 13 spell levels left.
You didn't know any spells.
Your spell library contained the following spells:

 Spells                   Type           Power      Damage    Failure   Level
 Sting                    Tmut/Pois      24%        1d4       13%         1
 Poisonous Vapours        Pois/Air       12%        N/A       21%         2
 Dazzling Flash           Conj/Hex       12%        N/A       36%         3
 Olgreb's Toxic Radiance  Pois           6%         N/A       78%         4
 Agony                    Necr           6%         N/A       98%         5
 Silence                  Hex/Air        3%         N/A       98%         5


Dungeon Overview and Level Annotations

Branches:
Dungeon (6/15)             Temple (1/1) D:4

Altars:
Ashenzari
Cheibriados
Dithmenos
Elyvilon
Fedhas
Gozag
Hepliaklqana
Kikubaaqudgha
Makhleb
Nemelex Xobeh
Okawaru
Qazlal
Ru
Sif Muna
Trog
Uskayaw
Vehumet
Wu Jian
Xom
Yredelemnul
Zin
The Shining One

Shops:
D:4 (


Innate Abilities, Weirdness & Mutations

You have very sharp teeth.
Your uncanny sense of smell can sniff out nearby items.
Your experience applies equally to all skills.


Message History

You closely miss the acid dragon.
The acid dragon is heavily wounded.
The acid dragon barely misses you. The acid dragon closely misses you.
You hit the acid dragon.
The acid dragon is heavily wounded.
The acid dragon barely misses you. The acid dragon misses you.
You hit the acid dragon.
The acid dragon is heavily wounded.
The acid dragon closely misses you. x2
The acid dragon spits acid at you. The splash of acid hits you!
The acid corrodes you!
You hit the acid dragon.
The acid dragon is severely wounded.
The acid dragon bites you! The acid dragon misses you.
You are too injured to fight recklessly!
You are too injured to fight recklessly!
You are too injured to fight recklessly!
You are too injured to fight recklessly!
You are too injured to fight recklessly!
You are too injured to fight recklessly!
You are too injured to fight recklessly!
You are too injured to fight recklessly!
You are too injured to fight recklessly!
You are too injured to fight recklessly!
You hit the acid dragon but do no damage.
You bite the acid dragon.
The acid dragon is severely wounded.
The acid dragon bites you. The acid dragon claws you.
* * * LOW HITPOINT WARNING * * *
You hit the acid dragon.
The acid dragon is severely wounded.
The acid dragon bites you!
* * * LOW HITPOINT WARNING * * *
The acid dragon misses you.
You closely miss the acid dragon.
The acid dragon is severely wounded.
The acid dragon spits acid at you. The splash of acid hits you!!
You die...
Fedhas appreciates your contribution to the ecosystem.

##........#
##......##
###....# ##
#)..## ...##
#..##
.....##..$#
.......#..#
..........#
.......@..#
......†D...#
............#
............#
.....)......#
............#
............#
...........##


You could see an acid dragon (catching breath).

Vanquished Creatures
  A water moccasin (D:5)
  An ogre (D:4)
  A necrophage (D:5)
  A scorpion (D:5)
  A howler monkey (D:6)
  2 jellies
  A bullfrog zombie (D:5)
  A bullfrog skeleton (D:5)
  2 gnoll shamans
  2 iguanas (D:4)
  Terence (D:3)
  A killer bee zombie (D:4)
  A hound skeleton (D:5)
  8 gnolls
  6 adders
  A shadow imp (D:5)
  An ufetubus (D:5)
  3 dart slugs
  2 orcs
  8 ball pythons
  6 endoplasms
  5 giant cockroaches
  5 goblins
  9 hobgoblins
  6 jackals
  6 kobolds
  5 quokkas
  11 bats
  2 frilled lizards
  8 rats
108 creatures vanquished.

Vanquished Creatures (collateral kills)
  An ogre (D:4)
1 creature vanquished.

Vanquished Creatures (others)
  A plant (D:1)
1 creature vanquished.

Grand Total: 110 creatures vanquished

Notes
Turn   | Place    | Note
-------+----------+-------------------------------------------
     0 | D:1      | Rennog the Gnoll Wanderer began the quest for the Orb.
     0 | D:1      | Rennog set off with the following items: a +0 short sword,
                  | a +2 leather armour, a potion of lignification, a +0 dagger
     0 | D:1      | Reached XP level 1. HP: 17/17 MP: 1/1
   240 | D:1      | Reached XP level 2. HP: 23/23 MP: 2/2
   457 | D:1      | Reached XP level 3. HP: 28/28 MP: 3/3
   610 | D:1      | Reached skill level 1 in Invocations
   921 | D:1      | Found a faded altar of an unknown god.
  1010 | D:1      | Became a worshipper of Fedhas Madash
  1010 | D:1      | Reached * piety under Fedhas
  1084 | D:2      | Reached skill level 1 in Long Blades
  1084 | D:2      | Reached skill level 1 in Axes
  1084 | D:2      | Reached skill level 1 in Maces & Flails
  1084 | D:2      | Reached skill level 1 in Polearms
  1084 | D:2      | Reached skill level 1 in Staves
  1084 | D:2      | Reached skill level 1 in Slings
  1084 | D:2      | Reached skill level 1 in Crossbows
  1084 | D:2      | Reached skill level 1 in Throwing
  1084 | D:2      | Reached skill level 1 in Unarmed Combat
  1084 | D:2      | Reached skill level 1 in Spellcasting
  1084 | D:2      | Reached skill level 1 in Evocations
  1204 | D:2      | Reached XP level 4. HP: 31/34 MP: 5/5
  1445 | D:2      | Reached skill level 1 in Conjurations
  1445 | D:2      | Reached skill level 1 in Hexes
  1445 | D:2      | Reached skill level 1 in Summonings
  1445 | D:2      | Reached skill level 1 in Necromancy
  1445 | D:2      | Reached skill level 1 in Translocations
  1445 | D:2      | Reached skill level 1 in Transmutations
  1445 | D:2      | Reached skill level 1 in Fire Magic
  1445 | D:2      | Reached skill level 1 in Ice Magic
  1445 | D:2      | Reached skill level 1 in Air Magic
  1445 | D:2      | Reached skill level 1 in Earth Magic
  1445 | D:2      | Reached skill level 1 in Poison Magic
  1755 | D:3      | Reached ** piety under Fedhas
  1762 | D:3      | Reached XP level 5. HP: 27/40 MP: 5/7
  2128 | D:3      | Noticed Terence
  2137 | D:3      | Killed Terence
  2658 | D:3      | Found a glowing silver altar of Zin.
  2660 | D:3      | Found a shimmering altar of Xom.
  2660 | D:3      | Found a sparkling altar of Nemelex Xobeh.
  2662 | D:3      | Found a broken altar of Ashenzari.
  2662 | D:3      | Found an opulent altar of Gozag.
  2662 | D:3      | Found a radiant altar of Vehumet.
  2814 | D:4      | Found a shimmering blue altar of Sif Muna.
  2841 | D:4      | Reached XP level 6. HP: 36/47 MP: 8/8
  2980 | D:4      | Reached skill level 5 in Short Blades
  2980 | D:4      | Reached skill level 5 in Armour
  3302 | D:4      | Found a staircase to the Ecumenical Temple.
  3345 | Temple   | Entered the Ecumenical Temple
  3633 | D:4      | Reached XP level 7. HP: 12/52 MP: 10/10
  4012 | D:4      | Found Liuxi's Antique Weapon Emporium.
  4319 | D:5      | Entered Level 5 of the Dungeon
  4480 | D:5      | Reached skill level 5 in Stealth
  4990 | D:5      | Reached XP level 8. HP: 56/60 MP: 12/12
  5024 | D:5      | Reached *** piety under Fedhas
  5502 | D:6      | Killed from afar by an acid dragon

Illustrated notes

Levels and vault maps discovered:
D:1:      sevenhm_arrival_forest_fort_small_5, layout_loops_ring,
          chequers_ecumenical_altar_lobes, skrybe_limestone_x,
          serial_bayou_pond_b, minmay_vboxes
D:2:      layout_basic
D:3:      layout_basic, doesnt_xom_only_xom, minivault_14, uniq_terence
D:4:      layout_basic, mainiacjoe_overflow_boulevard, minmay_temple_entry_tees,
          serial_shops, shop_fountains
D:5:      layout_basic, kennysheep_generic_room_6
D:6:      layout_cave_pods, nicolae_specific_store,
          chequers_serial_rivers_small_b, uniq_grinder
Temple:   regret_index_temple_chain_breaker

Skill      XL: |  1  2  3  4  5  6  7  8 |
---------------+-------------------------+-----
Invocations    | 1 2 3 |  3.3
Long Blades    | 1 2 3 |  3.0
Axes           | 1 2 3 |  3.0
Maces & Flails | 1 2 3 |  3.0
Polearms       | 1 2 3 |  3.0
Staves         | 1 2 3 |  3.0
Slings         | 1 2 3 |  3.0
Crossbows      | 1 2 3 |  3.0
Throwing       | 1 2 3 |  3.0
Unarmed Combat | 1 2 3 |  3.0
Spellcasting   | 1 2 3 |  3.0
Evocations     | 1 2 3 |  3.0
Conjurations   | 1 2 |  2.4
Hexes          | 1 2 |  2.4
Summonings     | 1 2 |  2.4
Necromancy     | 1 2 |  2.4
Translocations | 1 2 |  2.4
Transmutations | 1 2 |  2.4
Fire Magic     | 1 2 |  2.4
Ice Magic      | 1 2 |  2.4
Air Magic      | 1 2 |  2.4
Earth Magic    | 1 2 |  2.4
Poison Magic   | 1 2 |  2.4
Fighting       | 3 4 |  4.0
Bows           | 3 4 |  4.0
Dodging        | 3 4 |  4.0
Shields        | 3 4 |  4.0
Short Blades   | 5 |  5.5
Armour         | 5 |  5.5
Stealth        | 5 |  5.2

Action                   |  1- 3 |  4- 6 |  7- 9 || total
-------------------------+-------+-------+-------++-------
Melee: Short sword       |    55 |       |       ||    55
       Mace              |    51 |   115 |    81 ||   247
       Bite              |     2 |     9 |     9 ||    20
Invok: Wall of Briars    |       |     1 |       ||     1
Evoke: Wand              |       |     1 |       ||     1
 Stab: Sleeping          |     6 |     4 |     3 ||    13
Armor: Leather armour    |    30 |    23 |    14 ||    67
Dodge: Dodged            |    99 |   114 |   104 ||   317

Table legend: (Time is in decaauts)
 A = Elapsed time spent in this place.
 B = Non-inter-level travel time spent in this place.
 C = Inter-level travel time spent in this place.
 D = Time resting spent in this place.
 E = Time spent auto-exploring this place.
 F = Levels seen in this place.
 G = Mean time per level.
                   A        B        C        D        E       F      G
               +--------+--------+--------+--------+--------+-----+--------+
         Total |   5580 |   5308 |    272 |      0 |   4341 |   7 |  797.1 |
       Dungeon |   5406 |   5153 |    253 |      0 |   4205 |   6 |  901.0 |
        Temple |    174 |    155 |     19 |      0 |    136 |   1 |  174.0 |
               +--------+--------+--------+--------+--------+-----+--------+

Top non-repeatable levels by time:
     D:4: 1421 daAuts
     D:1: 1058 daAuts
     D:3: 1043 daAuts
     D:5: 1004 daAuts
     D:2: 680 daAuts
     D:6: 198 daAuts
  Temple: 174 daAuts
